 Dungeon Crawl Stone Soup version 0.29.0-11-gd7f09526c8 (webtiles) character file.

Game seed: 2347914969447554168

7 greasedhog the Trooper (level 1, -2/13 HPs)
             Began as a Deep Elf Abyssal Knight on Sept 7, 2022.
             Was a Believer of Lugonu.
             Frozen to death by an endoplasm (5 damage)
             ... on level 1 of the Dungeon.
             The game lasted 00:00:40 (491 turns).

greasedhog the Trooper (Deep Elf Abyssal Knight)     Turns: 491, Time: 00:00:40

Health: -2/13      AC:  3    Str: 10    XL:     1   Next: 91%
Magic:  4/4        EV: 12    Int: 14    God:    Lugonu [**....]
Gold:   57         SH:  0    Dex: 15    Spells: 0/0 levels left

rFire   . . .      SeeInvis .   a - +1 short sword
rCold   . . .      Faith    .   (no shield)
rNeg    . . .      Spirit   .   b - +0 leather armour
rPois   .          Reflect  .   (no helmet)
rElec   .          Harm     .   (no cloak)
rCorr   .          Rampage  .   (no gloves)
Will    .....                   (no boots)
Stlth   +.........              (no amulet)
HPRegen 0.04/turn               (no ring)
MPRegen 0.09/turn               (no ring)

@: no status effects
A: no striking features
a: Renounce Religion, Depart the Abyss, Bend Space


You were on level 1 of the Dungeon.
You worshipped Lugonu.
Lugonu was pleased with you.
You visited 1 branch of the dungeon, and saw 1 of its levels.
You visited the Abyss 1 time.

You collected 57 gold pieces.

Inventory:

Hand Weapons
 a - a +1 short sword (weapon)
Armour
 b - a +0 leather armour (worn)
Scrolls
 c - a scroll of blinking {unknown}
 g - a scroll of magic mapping {unknown}
 i - a scroll of brand weapon {unknown}
Potions
 d - a potion of invisibility {unknown}
 e - a potion of flight {unknown}
 f - a potion of resistance {unknown}
 h - a potion of brilliance {unknown}


   Skills:
 + Level 2.5 Fighting
 * Level 2.3 Short Blades
 - Level 0.7 Armour
 - Level 2.4 Dodging
 * Level 2.3 Invocations


You couldn't memorise any spells.
You didn't know any spells.
Your spell library was empty.

Dungeon Overview and Level Annotations

Branches:
Dungeon (1/15)

Altars:


Message History

You miss the frilled lizard.
The frilled lizard bites you but does no damage.
The endoplasm closely misses you.
You barely miss the frilled lizard.
The frilled lizard bites you but does no damage.
The endoplasm completely misses you.
You miss the frilled lizard.
The frilled lizard bites you but does no damage.
The endoplasm hits you but does no damage.
You hit the frilled lizard.
You kill the frilled lizard!
Lugonu accepts your kill. The endoplasm freezes you.
You are frozen.
You are too injured to fight recklessly!
You are too injured to fight recklessly!
You are too injured to fight recklessly!
You are too injured to fight recklessly!
You are too injured to fight recklessly!
You are too injured to fight recklessly!
You are too injured to fight recklessly!
You are too injured to fight recklessly!
You are too injured to fight recklessly!
You are too injured to fight recklessly!
You are too injured to fight recklessly!
You are too injured to fight recklessly!
You are too injured to fight recklessly!
You are too injured to fight recklessly!
You are too injured to fight recklessly!
You are too injured to fight recklessly!
You hit the endoplasm.
The endoplasm is moderately wounded.
The endoplasm freezes you.
You are frozen.
* * * LOW HITPOINT WARNING * * *
You hit the endoplasm.
The endoplasm is severely wounded.
The endoplasm freezes you.
You are frozen.
You die...

#.#....######.#######
##.#.#...# #.#
...#.#.#.# #.#
.....#.#.# ###.#
######.#.# #.... #
#.#.#.#.#.#####.# .#
#...........#
#.....†...#
#.#..@J..# #.#.###..#
#.#........#
#..........#
#####.#######
#........ #..######
#..# #..#


You could see an endoplasm.

Vanquished Creatures
  A goblin (D:1)
  A hobgoblin (D:1)
  3 bats (D:1)
  2 frilled lizards (D:1)
  A rat (D:1)
8 creatures vanquished.

Notes
Turn   | Place    | Note
-------+----------+-------------------------------------------
     0 | Abyss:1  | greasedhog the Deep Elf Abyssal Knight began the quest for
                  | the Orb.
     0 | Abyss:1  | Reached XP level 1. HP: 13/13 MP: 4/4
     1 | D:1      | Escaped the Abyss
   416 | D:1      | Found a faded altar of an unknown god.
   491 | D:1      | Frozen to death by an endoplasm

Illustrated notes

Levels and vault maps discovered:
D:1:      saegor_arrival_simple_a, layout_basic, shapermc_ecumenical_altar_petra

Action                   || total
-------------------------++-------
Melee: Short sword       ||    32
       Punch             ||     2
Armor: Leather armour    ||    22
Dodge: Dodged            ||    29
